Map: [ESL] Goldenaura

Players

ONSYDESolar (Solar)

  • Race: Zerg Zerg
  • League: Master
  • Spawn Location: 5:00

GuMiho - Winner!

  • Race: Terran Terran
  • Spawn Location: 12:00

VOD

Have the link to the VOD?

Description

Time

  • Played on: Dec. 29, 2023, 6:38 a.m.
  • Length: 3:08
Show
View Real Time Build Order
Export as new Build Order

ONSYDESolar Zerg 

Build Orders: Hatch First 

Get SALT Encoding   

  12  0:00  Drone  
  13  0:12  Overlord  
  13  0:17  Drone  
  14  0:31  Drone x2  
  16  0:47  Hatchery  
  15  0:51  Drone  
  15  0:55  Drone  
  17  0:58  Drone  
  18  1:08  Extractor  
  17  1:13  Spawning Pool  
  17  1:16  Drone  
  17  1:20  Drone  
  18  1:28  Drone  
  19  1:38  Drone  
  20  1:50  Drone  
  21  2:00  Queen x2  
  25  2:02  Zergling x4  
  27  2:12  Zergling x2  
  27  2:14  Zergling x2  
  23  2:32  Zergling x2  
  19  2:43  Zergling x2  
Show
View Real Time Build Order
Export as new Build Order

GuMiho Terran - Winner!

Build Orders:  

Get SALT Encoding   

  12  0:00  SCV  
  13  0:12  SCV  
  14  0:17  Supply Depot  
  14  0:24  SCV  
  15  0:38  SCV  
  15  0:41  Barracks  
  16  0:52  Barracks  
  16  1:05  Barracks  
  16  1:09  SCV  
  17  1:21  SCV  
  18  1:28  Marine  
  19  1:33  Orbital Command  
  19  1:36  Supply Depot  
  19  1:39  Marine  
  20  1:46  Marine  
  21  1:52  Marine  
  22  1:57  Bunker  
  22  1:59  SCV  
  23  2:01  Marine  
  23  2:05  Marine  
  25  2:10  Marine  
  25  2:11  SCV  
  27  2:19  Marine  
  27  2:23  SCV, Marine  
  29  2:32  Marine  
  29  2:35  SCV  
  28  2:37  Marine  
  28  2:39  Supply Depot  
  28  2:42  Marine  
  29  2:47  SCV  
  29  2:49  Marine  
  32  3:02  Refinery  
Tags
 
League
Master
Matchup
TvZ
Replay Pack
December 2023
Spawn Locations
Cross Positions
Add a new tag
Caveats
  • Supply blocks, unpowered buildings, or Contaminate may cause inaccurate times.
  • Supply counts are checked every 10 seconds.